 Zot Defence DCSS version 0.15.2 (webtiles) character file.

142286 blackwizard the Fencer (level 16, -13/170 HPs)
             Began as a Troll Fighter on June 19, 2017.
             Mangled by a white draconian
             ... wielding a +0 mace
             ... summoned by a boggart
              (28 damage)
             ... in the Realm of Zot (Scenario IV: Columnade).
             The game lasted 01:20:25 (4431 turns).

blackwizard the Fencer (Troll Fighter)              Turns: 4431, Time: 01:20:26

HP -13/170       AC  6     Str 28      XL: 16   Next: 80%
MP   6/6         EV 16     Int  5      God:
Gold 0           SH 12     Dex 13      Spells:  0 memorised, 15 levels left

rFire  . . .     SeeInvis .     a - +0 long sword
rCold  . . .     Clarity  .     M - +0 animal skin
rNeg   . . .     rCorr    .     c - +0 shield
rPois  .         rRot     .     (helmet restricted)
rElec  .         Spirit   .     J - +0 cloak
SustAb .         Warding  .     (gloves unavailable)
rMut   .         Stasis   .     (boots unavailable)
Gourm  +                        (no amulet)
MR     +....                    (no ring)
                                (no ring)

@: somewhat resistant to hostile enchantments, very unstealthy
A: unfitting armour, claws 3, fast metabolism 3, gourmand, regeneration 2,
saprovore 2, shaggy fur 1, tough skin 2
a: Make oklob sapling, Make arrow trap, Make plant, Remove Curse, Make burning
bush, Make altar, Make grenades, Make oklob plant, Make net trap, Make ice
statue, Make spear trap, Make alarm trap, Make mushroom circle, Make bolt trap,
Make crystal statue, Make needle trap, Zot-teleport


You were in the Realm of Zot.
You were not hungry.

You visited 1 branch

Inventory:

Hand weapons
 a - a +0 long sword (weapon)
 l - a +0 club
 n - a +2 short sword of protection
 o - a +0 war axe
 r - a +0 shortbow
 t - a cursed +0 battleaxe
 v - a +1 antimagic flail
 w - a +0 shortbow
 x - a +0 giant club
 z - a +0 glaive
 A - a +1 dire flail of protection
 B - a +2 scimitar of slicing
 C - a +0 long sword
 D - a +4 cutlass of electrocution
 E - a +0 club
 F - a +0 halberd
 H - a +0 arbalest
 I - a +0 shortbow of freezing
 L - a cursed +2 long sword
 N - a +0 cutlass
 O - a +0 war axe
Missiles
 m - 3 stones (quivered)
 s - 41 arrows
 u - 3 javelins
 y - 7 tomahawks
Armour
 b - a +0 robe
 c - a +0 shield (worn)
 G - a +0 robe
 J - a +0 cloak (worn)
 M - a +0 animal skin (worn)
Magical devices
 p - a wand of magic darts (11) {unknown}
 q - a wand of teleportation (0)
Comestibles
 f - 2 meat rations
Scrolls
 k - a scroll of blinking
Potions
 d - 4 potions of curing
 e - a potion of might
 g - a potion of heal wounds
 h - a potion of haste
 i - 2 potions of magic
 j - a potion of berserk rage
 K - 2 potions of blood


   Skills:
 + Level 13.2 Fighting
 + Level 15.7 Long Blades
 + Level 12.8 Dodging
 + Level 10.0 Shields


You had 15 spell levels left.
You didn't know any spells.

Dungeon Overview and Level Annotations

Branches:
    Zot (1/1)

Altars:
Xom


Innate Abilities, Weirdness & Mutations

You are too large for most types of armour.
You have claws for hands.
Your metabolism is lightning-fast.
You like to eat raw meat.
You heal very quickly.
You can eat rotten meat.
You are covered in fur (AC +1).
You have very tough skin (AC +2).


Message History

The frost giant skeleton resists.
The bolt of cold hits the storm dragon skeleton.
The storm dragon skeleton resists.
The necromancer gestures at the surrounding area while chanting.
You block the white draconian's attack.
The black draconian hits your ice statue but does no damage.
The orange demon stings you but does no damage.
The orange demon hits you.
* * * LOW HITPOINT WARNING * * *
You hit something.
The white very ugly thing stings your ice statue.
The white very ugly thing freezes your ice statue.
Your ice statue completely resists.
The frost giant skeleton hits your ice statue!!
The yellow draconian hits you with a battleaxe!
* * * LOW HITPOINT WARNING * * *
The yellow draconian hits your ice statue with a battleaxe!
You barely miss something.
The white draconian hits you with a mace!!
You die... ..b..▓ ▓()(▓ ▓))..H...... ..▓..▓ ▓..(▓ ▓▓▓▓▓T)..▓▓▓ ..▓..▓ ▓Z))▓ ▓.)..▓ ..▓..▓ ▓ZZ^▓ ▓....▓ ..▓..▓ ▓ZZZ▓

▓%...▓ ..▓..▓
▓ZZp▓▓▓▓▓▓▓[)..▓
..▓..▓
▓▓ZZ8dZZZZC(.[..▓▓
..▓..▓
▓▓8dd4uuduZZ).....▓▓
..▓..▓
▓Zu@u3qyZDRZ)......▓
..▓..▓▓
▓D..4▓▓▓▓▓▓▓▓▓▓....▓
..▓...▓▓ ▓%D.▓▓ ▓▓▓
▓▓...▓ .▓▓▓...▓▓
▓▓▓▓▓ ▓▓▓ ▓▓▓▓▓ ▓▓
▓▓...▓▓ ▓▓▓▓▓ ▓
▓▓...▓▓ ▓=|)▓
▓▓▓▓▓▓▓...▓▓ ▓|[)▓
▓...▓▓▓▓...▓▓ ▓▓▓▓▓
.....▓▓▓▓...▓▓


You could see 3 very ugly things, a black draconian (berserk), a yellow
draconian (berserk), a red draconian (berserk), a white draconian (berserk), a
fire dragon, 2 ice dragons, a grey draconian zealot, 2 ugly things, a rakshasa,
a death cob, an ice devil, 2 orange demons, a moth of wrath, a necromancer, 2
ugly thing simulacra, an elf simulacrum, 3 yaktaur simulacra, a deep troll
simulacrum, 2 ettin simulacra, a human simulacrum, a tengu zombie, 2 yaktaur
zombies, a polar bear skeleton, a storm dragon skeleton, a deep troll skeleton,
2 frost giant skeletons, a human skeleton and 2 friendly ice statues.

Vanquished Creatures
  A deep elf demonologist (Zot)
  A sea snake (Zot)
  A deep elf knight (Zot)
  Pikel (Zot)
  A guardian serpent (Zot)
  An ironbrand convoker (Zot)
  5 spiny frogs (Zot)
  A freezing wraith (Zot)
  A komodo dragon (shapeshifter) (Zot)
  3 yaktaurs (Zot)
  A blink frog (Zot)
  An ettin skeleton (Zot)
  A yak (Zot)
  A deep elf mage (Zot)
  A hell hound (Zot)
  2 wargs (Zot)
  A naga (Zot)
  An ogre (Zot)
  An ogre skeleton (Zot)
  A black bear (Zot)
  A manticore zombie (Zot)
  A blink frog zombie (Zot)
  A hill giant simulacrum (Zot)
  A giant frog (Zot)
  2 scorpions (Zot)
  2 wights (Zot)
  A boulder beetle zombie (Zot)
  2 yak skeletons (Zot)
  A tengu skeleton (Zot)
  6 hounds (Zot)
  A giant frog zombie (Zot)
  3 iguanas (Zot)
  Ijyb (Zot)
  Jessica (Zot)
  A worker ant zombie (Zot)
  2 green rats (Zot)
  A shadow imp (Zot)
  9 adders (Zot)
  A giant mite (Zot)
  An orc zombie (Zot)
  2 iguana zombies (Zot)
  2 giant geckos (Zot)
  5 oozes (Zot)
  6 orcs (Zot)
  2 ball pythons (Zot)
  A bat skeleton (Zot)
  3 bat zombies (Zot)
  6 giant cockroaches (Zot)
  9 goblins (Zot)
  5 hobgoblins (Zot)
  11 kobolds (Zot)
  4 quokkas (Zot)
  A ball python zombie (Zot)
  18 bats (Zot)
  4 giant newts (Zot)
  2 goblin skeletons (Zot)
  3 goblin zombies (Zot)
  A hobgoblin skeleton (Zot)
  10 jackals (Zot)
  4 jackal zombies (Zot)
  A kobold skeleton (Zot)
  3 kobold zombies (Zot)
  An orc skeleton (Zot)
  10 rats (Zot)
  A rat skeleton (Zot)
  A rat zombie (Zot)
182 creatures vanquished.

Vanquished Creatures (collateral kills)
  Saint Roka (Zot)
  An azure jelly (Zot)
  Norris (Zot)
  Nikola (Zot)
  A vault warden (Zot)
  Frances (Zot)
  A deep elf demonologist (Zot)
  A deep elf sorcerer (Zot)
  A purple draconian (Zot)
  6 very ugly things (Zot)
  2 white draconians (Zot)
  A deep elf death mage (Zot)
  A vault guard (Zot)
  An ettin (Zot)
  A very ugly thing skeleton (Zot)
  A jiangshi (Zot)
  An orc high priest (Zot)
  2 ironheart preservers (Zot)
  Harold (Zot)
  A hydra (Zot)
  8 death yaks (Zot)
  A centaur warrior (Zot)
  2 tengu warriors (Zot)
  A fire crab (shapeshifter) (Zot)
  Urug (Zot)
  2 deep elf knights (Zot)
  Erolcha (Zot)
  An orb spider (shapeshifter) (Zot)
  A cherub (Zot)
  A sea snake (Zot)
  An ice devil (Zot)
  An unseen horror (Zot)
  2 wizards (Zot)
  A tengu zombie (Zot)
  An ice statue (Zot)
  3 cyclopes (Zot)
  4 griffons (Zot)
  An orc knight (Zot)
  5 necromancers (Zot)
  4 hill giants (Zot)
  A mana viper (Zot)
  A harpy (shapeshifter) (Zot)
  An orc sorcerer (Zot)
  An ugly thing zombie (Zot)
  A sphinx zombie (Zot)
  A torpor snail (Zot)
  7 wolf spiders (Zot)
  2 frost giant zombies (Zot)
  A salamander (shapeshifter) (Zot)
  A sphinx skeleton (Zot)
  An ugly thing skeleton (Zot)
  2 tengu skeletons (Zot)
  2 moths of wrath (Zot)
  A manticore (Zot)
  26 ugly things (Zot)
  A manticore (shapeshifter) (Zot)
  A red wasp (Zot)
  A centaur zombie (Zot)
  A guardian serpent (shapeshifter) (Zot)
  A naga mage (Zot)
  2 centaur skeletons (Zot)
  A spiny frog (shapeshifter) (Zot)
  3 gargoyles (Zot)
  4 komodo dragons (Zot)
  5 spiny frogs (Zot)
  A black mamba (shapeshifter) (Zot)
  17 yaktaurs (Zot)
  2 freezing wraiths (Zot)
  An elf (shapeshifter) (Zot)
  2 two-headed ogres (Zot)
  2 trolls (Zot)
  2 jumping spiders (shapeshifter) (Zot)
  4 deep elf priests (Zot)
  2 blue devils (Zot)
  A wind drake (shapeshifter) (Zot)
  A troll (shapeshifter) (Zot)
  2 polar bears (Zot)
  Prince Ribbit (Zot)
  A polar bear (shapeshifter) (Zot)
  5 basilisks (Zot)
  A raven (shapeshifter) (Zot)
  A raven (Zot)
  6 vampires (Zot)
  8 blink frogs (Zot)
  26 slime creatures (Zot)
  A fire giant simulacrum (Zot)
  A shadow (Zot)
  A deep troll skeleton (Zot)
  An elf zombie (Zot)
  A hungry ghost (Zot)
  An ettin skeleton (Zot)
  9 deep elf magi (Zot)
  6 wraiths (Zot)
  2 hippogriffs (Zot)
  10 deep elf fighters (Zot)
  An elf simulacrum (Zot)
  19 vampire mosquitoes (Zot)
  A hill giant skeleton (Zot)
  A hippogriff (shapeshifter) (Zot)
  An elf skeleton (Zot)
  Grum (Zot)
  18 nagas (Zot)
  29 yaks (Zot)
  A warg (Zot)
  2 soldier ants (Zot)
  6 wolves (Zot)
  3 water moccasins (Zot)
  3 porcupines (Zot)
  A human zombie (Zot)
  12 orc warriors (Zot)
  6 black bears (Zot)
  3 spiny frog skeletons (Zot)
  16 boggarts (Zot)
  3 blink frog zombies (Zot)
  13 ice beasts (Zot)
  A phantom (Zot)
  4 ogres (Zot)
  4 crocodiles (Zot)
  A boring beetle (shapeshifter) (Zot)
  4 centaurs (Zot)
  A hill giant simulacrum (Zot)
  A komodo dragon zombie (Zot)
  11 giant frogs (Zot)
  3 big kobolds (Zot)
  A human simulacrum (Zot)
  6 yaktaur zombies (Zot)
  4 insubstantial wisps (Zot)
  A hell hound zombie (Zot)
  An ogre simulacrum (Zot)
  4 killer bees (Zot)
  A cyclops skeleton (Zot)
  2 yak zombies (Zot)
  2 yak skeletons (Zot)
  A polar bear skeleton (Zot)
  6 wights (Zot)
  A manticore simulacrum (Zot)
  A crimson imp (Zot)
  3 goliath beetles (Zot)
  2 giant frog skeletons (Zot)
  5 giant frog zombies (Zot)
  An orc priest (Zot)
  3 hounds (Zot)
  A jelly (Zot)
  A black bear zombie (Zot)
  A gnoll shaman (Zot)
  A black bear skeleton (Zot)
  A human skeleton (Zot)
  An orc wizard (Zot)
  A quasit (Zot)
  A two-headed ogre zombie (Zot)
  A hippogriff simulacrum (Zot)
  An iguana (Zot)
  3 worker ants (Zot)
  A killer bee zombie (Zot)
  39 sheep (Zot)
  2 big kobold zombies (Zot)
  An ogre zombie (Zot)
  2 hound zombies (Zot)
  A mummy (Zot)
  A scorpion zombie (Zot)
  6 adders (Zot)
  6 gnolls (Zot)
  7 green rats (Zot)
  2 giant mites (Zot)
  5 shadow imps (Zot)
  3 adder zombies (Zot)
  An iguana zombie (Zot)
  An orc zombie (Zot)
  2 adder skeletons (Zot)
  A gnoll skeleton (Zot)
  2 oozes (Zot)
  9 orcs (Zot)
  3 bats (Zot)
  2 bat skeletons (Zot)
  4 bat zombies (Zot)
  A goblin (Zot)
  A ball python (Zot)
  A ball python skeleton (Zot)
  A giant gecko zombie (Zot)
  3 jackals (Zot)
  A jackal skeleton (Zot)
  2 jackal zombies (Zot)
  13 kobolds (Zot)
  3 kobold zombies (Zot)
  5 orc skeletons (Zot)
  A quokka skeleton (Zot)
  A rat (Zot)
  2 rat zombies (Zot)
621 creatures vanquished.

Vanquished Creatures (others)
  24 ice statues (Zot)
  An oklob plant (Zot)
  2 orange crystal statues (Zot)
  A burning bush (Zot)
  A vampire (Zot)
  190 ice beasts (Zot)
  A lost soul (Zot)
220 creatures vanquished.

Grand Total: 1023 creatures vanquished

Notes
Turn   | Place    | Note
--------------------------------------------------------------
     0 | Zot      | blackwizard, the Troll Fighter, began the quest for the Orb.
     0 | Zot      | Reached XP level 1. HP: 22/22 MP: 1/1
   220 | Zot      | Reached XP level 2. HP: 22/29 MP: 1/1
   279 | Zot      | Noticed Esoomm
   341 | Zot      | Reached XP level 3. HP: 36/36 MP: 2/2
   347 | Zot      | Killed Esoomm the scorpion
   347 | Zot      | Reached skill level 3 in Fighting
   347 | Zot      | Reached XP level 4. HP: 43/45 MP: 2/2
   347 | Zot      | Reached XP level 5. HP: 50/53 MP: 2/2
   525 | Zot      | Reached XP level 6. HP: 61/61 MP: 3/3
   667 | Zot      | Noticed Pikel
   758 | Zot      | Reached skill level 4 in Dodging
   809 | Zot      | Killed Pikel
   809 | Zot      | Reached skill level 5 in Long Blades
   809 | Zot      | Reached XP level 7. HP: 66/71 MP: 3/3
   809 | Zot      | Reached XP level 8. HP: 73/79 MP: 3/3
   884 | Zot      | Reached skill level 5 in Fighting
   884 | Zot      | Reached skill level 5 in Dodging
   896 | Zot      | Noticed a spiny frog
   910 | Zot      | Noticed a spiny frog
   914 | Zot      | Reached skill level 6 in Long Blades
   917 | Zot      | Noticed a spiny frog
   933 | Zot      | Killed a spiny frog
   933 | Zot      | Reached XP level 9. HP: 59/88 MP: 4/4
   937 | Zot      | Noticed a spiny frog
   944 | Zot      | Noticed a spiny frog
   952 | Zot      | Killed a spiny frog
   952 | Zot      | Reached skill level 7 in Long Blades
   957 | Zot      | Noticed a spiny frog
   959 | Zot      | Noticed a spiny frog
   960 | Zot      | Noticed a blink frog
   997 | Zot      | Killed a spiny frog
  1109 | Zot      | Reached skill level 8 in Long Blades
  1109 | Zot      | Reached skill level 5 in Shields
  1130 | Zot      | Noticed Jessica
  1158 | Zot      | Reached XP level 10. HP: 92/100 MP: 4/4
  1200 | Zot      | Killed a spiny frog
  1211 | Zot      | Killed Jessica
  1228 | Zot      | Noticed Ijyb
  1267 | Zot      | Killed a blink frog
  1286 | Zot      | Killed Ijyb
  1349 | Zot      | Killed a spiny frog
  1350 | Zot      | Reached skill level 9 in Long Blades
  1351 | Zot      | Killed a spiny frog
  1356 | Zot      | Killed a spiny frog
  1490 | Zot      | Noticed Urug
  1493 | Zot      | Killed Urug
  1493 | Zot      | Reached XP level 11. HP: 109/109 MP: 4/4
  1565 | Zot      | Killed Prince Ribbit
  1789 | Zot      | Noticed Grum
  1795 | Zot      | Killed Grum
  1926 | Zot      | Reached skill level 10 in Long Blades
  2141 | Zot      | Killed Norbak the orc high priest
  2141 | Zot      | Reached XP level 12. HP: 122/122 MP: 5/5
  2234 | Zot      | Noticed Frances
  2240 | Zot      | Killed Frances
  2285 | Zot      | Reached skill level 11 in Long Blades
  2386 | Zot      | Killed Erolcha
  2650 | Zot      | Reached XP level 13. HP: 125/132 MP: 5/5
  2720 | Zot      | Reached skill level 12 in Long Blades
  2768 | Zot      | Noticed a white draconian
  2769 | Zot      | Noticed a green draconian
  2815 | Zot      | Reached skill level 10 in Fighting
  2920 | Zot      | Noticed Norris
  2921 | Zot      | Killed Norris
  2970 | Zot      | Reached skill level 10 in Dodging
  3002 | Zot      | Noticed a cyan very ugly thing
  3017 | Zot      | Killed a cyan very ugly thing
  3025 | Zot      | Noticed Harold
  3027 | Zot      | Killed Harold
  3135 | Zot      | Reached XP level 14. HP: 131/144 MP: 5/5
  3150 | Zot      | Reached skill level 13 in Long Blades
  3226 | Zot      | Noticed Nikola
  3248 | Zot      | Killed Nikola
  3327 | Zot      | Noticed Shitheupt
  3338 | Zot      | Killed Shitheupt the vault warden
  3490 | Zot      | Reached XP level 15. HP: 154/154 MP: 6/6
  3508 | Zot      | Reached skill level 14 in Long Blades
  3729 | Zot      | Noticed Saint Roka
  3778 | Zot      | Killed Saint Roka
  3826 | Zot      | Noticed Esean
  3851 | Zot      | Killed Esean the azure jelly
  4049 | Zot      | Reached XP level 16. HP: 167/167 MP: 6/6
  4050 | Zot      | Reached skill level 15 in Long Blades
  4400 | Zot      | Reached skill level 10 in Shields
  4403 | Zot      | Noticed a storm dragon
  4424 | Zot      | Noticed a tentacled monstrosity
  4431 | Zot      | Mangled by a white draconian

Action                   |  1- 3 |  4- 6 |  7- 9 | 10-12 | 13-15 | 16-18 || total
-------------------------+-------+-------+-------+-------+-------+-------++-------
Melee: Long sword        |    77 |   227 |   214 |   231 |    86 |   100 ||   935
 Abil: Make ice statue   |       |       |       |     7 |    11 |     9 ||    27
       Make altar        |       |       |       |     1 |       |       ||     1
       Make oklob plant  |       |       |       |     1 |       |       ||     1
       Make bolt trap    |       |       |       |       |     4 |       ||     4
       Make crystal stat |       |       |       |       |     2 |       ||     2
       Make burning bush |       |       |       |       |     1 |       ||     1
 Stab: Distracted        |       |       |       |     4 |     3 |     5 ||    12
       Confused          |       |       |       |       |     3 |     1 ||     4
